Devils vs Canadiens

Created - November-20-13 at 18:24

Goals
1 2 3 T
Devils 3 0 0 3
Canadiens 1 0 1 2
Shots
1 2 3 T
Devils 11 13 6 30
Canadiens 13 4 14 31

1st period

1. Canadiens , Pavel Datsyuk 9 (Michal Rozsival, Brad Richards) at 0:38
2. Devils , Ales Hemsky 9 (Mike Weaver, Vladimir Sobotka) at 10:48
3. Devils , Saku Koivu 5 (Sergei Gonchar) at 11:54
4. Devils , Saku Koivu 6 (Sergei Gonchar) at 16:31

Penalties :
Mark Fistric (MTL) for Hooking (Minor) at 1:06, Vladimir Sobotka (NJD) for Slashing (Minor) at 18:59

2nd period

No Goal

Penalties :
James Wisniewski (MTL) for Delaying the game (Minor) at 1:34, Corey Perry (MTL) for Tripping (Minor) at 10:34, Jordan Eberle (MTL) for Hooking (Minor) at 14:07

3rd period

5. Canadiens , Matt Moulson 9 (Corey Perry, Brooks Orpik) at 9:00

Penalties :
Nikita Nikitin (NJD) for Roughing (Minor) at 1:12, Sergei Bobrovsky (NJD) for Slashing (Minor) at 4:10 - Sergei Gonchar served the penalty., Vladimir Sobotka (NJD) for Tripping (Minor) at 12:52, Mark Fistric (MTL) for High sticking (Minor) at 15:46

Goalie Stats

Sergei Bobrovsky (NJD), 29 saves from 31 shots - (0.935), W, 15-3-3, 60:00 minutes
Craig Anderson (MTL), 27 saves from 30 shots - (0.900), L, 11-7-2, 59:36 minutes

Players Stats for Devils

Player Name              G  A  P  +/- PIM S  H  SB GA TA FO     MP     PP MP  PK MP  
------------------------------------------------------------------------------------
Ales Hemsky              1  0  1   0  0   2  0  0  0  0  0/0    12:13   4:24   0:00 
Artem Anisimov           0  0  0   0  0   3  0  0  0  0  11/22  19:58   5:31   0:00 
Brenden Dillon           0  0  0   0  0   1  4  1  0  0  0/0    19:57   0:00   3:27 
Carl Hagelin             0  0  0   1  0   2  3  0  0  0  0/2    18:51   5:31   1:40 
Clarke MacArthur         0  0  0   0  0   1  0  1  0  0  0/0     8:55   0:00   1:06 
James van Riemsdyk       0  0  0   0  0   3  4  0  0  0  2/6    23:23   5:31   0:00 
Jonathan Huberdeau       0  0  0   1  0   2  0  0  0  0  1/3    18:30   4:24   1:20 
Mark Letestu             0  0  0   0  0   3  0  0  0  0  1/6    18:51   4:24   0:00 
Mark Streit              0  0  0   1  0   1  0  2  0  0  0/0    17:50   4:42   0:00 
Mike Weaver              0  1  1   1  0   0  3  1  0  0  0/0    13:50   0:00   1:27 
Nikita Nikitin           0  0  0   0  2   2  1  2  0  0  0/0    21:23   5:13   3:40 
Saku Koivu               2  0  2   1  0   3  1  1  0  0  14/29  18:35   0:00   4:03 
Sergei Gonchar           0  2  2   0  0   0  0  1  0  0  0/0    23:25   5:13   2:39 
Tommy Wingels            0  0  0   0  0   0  0  0  0  0  0/2    13:23   0:00   5:10 
Trevor Daley             0  0  0   0  0   3  1  1  0  0  0/0    23:34   4:42   4:39 
Trevor Lewis             0  0  0   0  0   2  1  0  0  0  0/0     7:16   0:00   0:00 
Tyler Johnson            0  0  0   0  0   0  0  0  0  0  1/2     0:50   0:00   0:00 
Vladimir Sobotka         0  1  1   0  4   2  2  0  0  0  10/18  11:17   0:00   2:33 

Players Stats for Canadiens

Player Name              G  A  P  +/- PIM S  H  SB GA TA FO     MP     PP MP  PK MP  
------------------------------------------------------------------------------------
Brad Richards            0  1  1   0  0   1  1  0  0  0  9/21   16:33   3:07   0:00 
Brooks Orpik             0  1  1   1  0   1  2  1  0  0  0/0    23:31   0:00   6:24 
Corey Perry              0  1  1   0  2   1  3  0  0  0  0/1    20:58   4:49   2:06 
Dave Bolland             0  0  0  -1  0   0  2  0  0  0  22/33  16:50   0:00   6:46 
Eric Nystrom             0  0  0  -1  0   2  3  0  0  0  0/0    16:50   0:00   6:46 
James Wisniewski         0  0  0   0  2   4  2  1  0  0  0/0    24:09   3:39   4:22 
John Mitchell            0  0  0   0  0   0  1  0  0  0  2/4     4:35   0:00   0:00 
Jonathan Toews           0  0  0   0  0   9  0  2  0  0  13/24  22:02   4:49   3:09 
Jordan Eberle            0  0  0   0  2   1  1  0  0  0  1/1    16:32   3:07   0:00 
Mark Fistric             0  0  0  -2  4   1  4  0  0  0  0/0    18:29   4:17   2:10 
Mason Raymond            0  0  0  -1  0   2  0  0  0  0  0/0    10:04   0:00   0:00 
Matt Moulson             1  0  1   0  0   5  0  0  0  0  1/3    18:53   4:49   0:00 
Michal Rozsival          0  1  1   1  0   0  2  1  0  0  0/0    17:35   3:39   0:00 
Pavel Datsyuk            1  0  1   0  0   4  0  0  0  0  1/2    17:36   3:07   1:03 
Sven Baertschi           0  0  0   0  0   0  0  0  0  0  0/0     4:35   0:00   0:00 
T.J. Brennan             0  0  0  -2  0   0  0  0  0  0  0/0    18:15   4:17   1:54 
Taylor Pyatt             0  0  0   0  0   0  1  0  0  0  1/1     4:35   0:00   0:00 
Travis Hamonic           0  0  0   0  0   0  0  1  0  0  0/0    17:58   0:00   5:00 

3 Stars

1 - Saku Koivu (NJD)
2 - Mike Weaver (NJD)
3 - Sergei Bobrovsky (NJD)

Power Play

Devils - 0 on 5 Attempt(s) - 0.00%
Canadiens - 0 on 4 Attempt(s) - 0.00%

Penalty Kill

Devils - 4 on 4 Attempt(s) - 100.00% - Score 0 goal in Penalty Kill
Canadiens - 5 on 5 Attempt(s) - 100.00% - Score 0 goal in Penalty Kill

Official

Referees : Trevor Hanson and Stephen Walkom
Linesman : Thor Nelson and Vaughan Rody

Game Notes

Tyler Johnson is injured at 7:17 of 1st period (Bruised Right Shoulder)

Finance

Level 1 -- Attendance: 6500 (100.00%) -- Ticket Income $650,000
Level 2 -- Attendance: 5000 (100.00%) -- Ticket Income $300,000
Level 3 -- Attendance: 3454 (98.69%) -- Ticket Income $120,890
Level 4 -- Attendance: 3183 (60.36%) -- Ticket Income $47,745
Luxury Box -- Attendance: 949 (94.90%) -- Ticket Income $166,075
Game was played at the Bell Centre
Total Attendance: 19086 (89.72%)
Total Ticket Income: $1,284,710
Other Income: $192,706
Total Income: $1,477,416


% Time on Ice - Devils

Lines # - Real PCT - Wanted PCT - Time Play
Normal Forward
1 - 35% - 35% - 14:27
2 - 28% - 30% - 11:40
3 - 19% - 20% - 7:49
4 - 18% - 15% - 7:16
Normal Defense
1 - 30% - 35% - 12:31
2 - 38% - 35% - 15:33
3 - 28% - 20% - 11:26
4 - 4% - 10% - 1:42
PP Forward
1 - 56% - 60% - 5:31
2 - 44% - 40% - 4:24
PP Defense
1 - 47% - 60% - 4:42
2 - 53% - 40% - 5:13
PK Forward
1 - 79% - 55% - 6:16
2 - 21% - 45% - 1:40
PK Defense
1 - 59% - 55% - 4:39
2 - 41% - 45% - 3:17
PK3 Forward
1 - 0% - 50%
2 - 0% - 50%
PK3 Defense
1 - 0% - 55%
2 - 0% - 45%
44 Forward
1 - 0% - 50%
2 - 0% - 50%
44 Defense
1 - 0% - 50%
2 - 0% - 50%
Last Minute Offensive  - 0:00
Last Minute Defensive  - 0:57
Total
Forward - 60:00
Defense - 60:00

% Time on Ice - Canadiens

Lines # - Real PCT - Wanted PCT - Time Play
Normal Forward
1 - 33% - 35% - 14:04
2 - 32% - 30% - 13:26
3 - 24% - 25% - 10:04
4 - 11% - 10% - 4:35
Normal Defense
1 - 31% - 30% - 12:58
2 - 29% - 30% - 12:09
3 - 29% - 25% - 12:04
4 - 12% - 15% - 4:58
PP Forward
1 - 61% - 60% - 4:49
2 - 39% - 40% - 3:07
PP Defense
1 - 46% - 50% - 3:39
2 - 54% - 50% - 4:17
PK Forward
1 - 68% - 60% - 6:46
2 - 32% - 40% - 3:09
PK Defense
1 - 64% - 60% - 6:21
2 - 36% - 40% - 3:34
PK3 Forward
1 - 0% - 60%
2 - 0% - 40%
PK3 Defense
1 - 0% - 60%
2 - 0% - 40%
44 Forward
1 - 0% - 60%
2 - 0% - 40%
44 Defense
1 - 0% - 60%
2 - 0% - 40%
Last Minute Offensive  - 0:00
Last Minute Defensive  - 0:00
Total
Forward - 60:00
Defense - 60:00

Play by Play

1st period


0:01 of 1st period - Jonathan Toews wins face-off versus Artem Anisimov in neutral zone.
0:26 of 1st period - Shot by Mark Letestu.
0:26 of 1st period - Stopped by Craig Anderson with a rebound.
0:28 of 1st period - Shot by James van Riemsdyk.
0:28 of 1st period - Shot Misses the Net.
0:30 of 1st period - Shot by Artem Anisimov.
0:30 of 1st period - Stopped by Craig Anderson without a rebound.
0:31 of 1st period - Brad Richards wins face-off versus Saku Koivu in Canadiens zone.
0:38 of 1st period - Shot by Pavel Datsyuk.
0:38 of 1st period - Goal by Pavel Datsyuk - Devils : 0 - Canadiens : 1.
0:39 of 1st period - Dave Bolland wins face-off versus Vladimir Sobotka in neutral zone.
1:06 of 1st period - Minor Penalty to Mark Fistric for Hooking.
1:07 of 1st period - Dave Bolland wins face-off versus Artem Anisimov in Canadiens zone.
1:12 of 1st period - Brooks Orpik is hit by James van Riemsdyk and loses puck.
2:29 of 1st period - Shot by Mark Letestu.
2:29 of 1st period - Shot Misses the Net.
2:47 of 1st period - Shot by Mark Letestu.
2:47 of 1st period - Shot Misses the Net.
2:49 of 1st period - Shot by Mark Letestu.
2:49 of 1st period - Shot Blocked by Jonathan Toews.
2:51 of 1st period - Shot by Jonathan Huberdeau.
2:51 of 1st period - Stopped by Craig Anderson without a rebound.
2:52 of 1st period - Dave Bolland wins face-off versus Artem Anisimov in Canadiens zone.
3:45 of 1st period - Shot by Brenden Dillon.
3:45 of 1st period - Stopped by Craig Anderson without a rebound.
3:46 of 1st period - Vladimir Sobotka wins face-off versus Brad Richards in Canadiens zone.
3:55 of 1st period - Shot by Clarke MacArthur.
3:55 of 1st period - Shot Blocked by Travis Hamonic.
4:16 of 1st period - Vladimir Sobotka is hit by Brad Richards and loses puck.
4:40 of 1st period - Trevor Daley is hit by Michal Rozsival and loses puck.
4:49 of 1st period - Shot by Matt Moulson.
4:49 of 1st period - Stopped by Sergei Bobrovsky without a rebound.
4:50 of 1st period - Saku Koivu wins face-off versus Dave Bolland in Devils zone.
4:50 of 1st period - Saku Koivu is hit by Eric Nystrom.
4:58 of 1st period - Shot by Brooks Orpik.
4:58 of 1st period - Stopped by Sergei Bobrovsky without a rebound.
4:59 of 1st period - Jonathan Toews wins face-off versus Artem Anisimov in Devils zone.
5:04 of 1st period - Shot by Jonathan Toews.
5:04 of 1st period - Shot Misses the Net.
7:07 of 1st period - Shot by Pavel Datsyuk.
7:07 of 1st period - Stopped by Sergei Bobrovsky without a rebound.
7:08 of 1st period - Jonathan Toews wins face-off versus Tyler Johnson in Devils zone.
7:08 of 1st period - Corey Perry is hit by Trevor Daley and loses puck.
7:13 of 1st period - Shot by Corey Perry.
7:13 of 1st period - Shot Hit the Post.
7:15 of 1st period - Shot by Jonathan Toews.
7:15 of 1st period - Stopped by Sergei Bobrovsky without a rebound.
7:16 of 1st period - Tyler Johnson wins face-off versus Matt Moulson in Devils zone.
7:16 of 1st period - Tyler Johnson is hit by Corey Perry.
7:17 of 1st period - Tyler Johnson from Devils is injured at 7:17 of 1st period (Bruised Right Shoulder).
7:18 of 1st period - James van Riemsdyk wins face-off versus Jonathan Toews in Devils zone.
7:31 of 1st period - Icing by Trevor Daley.
7:32 of 1st period - Brad Richards wins face-off versus James van Riemsdyk in Devils zone.
7:37 of 1st period - Shot by Jordan Eberle.
7:37 of 1st period - Shot Blocked by Nikita Nikitin.
8:14 of 1st period - Shot by Brad Richards.
8:14 of 1st period - Stopped by Sergei Bobrovsky without a rebound.
8:15 of 1st period - Saku Koivu wins face-off versus Jonathan Toews in Devils zone.
8:15 of 1st period - Saku Koivu is hit by Corey Perry.
8:46 of 1st period - Shot by Jonathan Toews.
8:46 of 1st period - Stopped by Sergei Bobrovsky with a rebound.
9:28 of 1st period - Shot by Dave Bolland.
9:28 of 1st period - Shot Misses the Net.
9:30 of 1st period - Shot by Mark Fistric.
9:30 of 1st period - Stopped by Sergei Bobrovsky without a rebound.
9:31 of 1st period - Vladimir Sobotka wins face-off versus Brad Richards in Devils zone.
9:45 of 1st period - Shot by Ales Hemsky.
9:45 of 1st period - Stopped by Craig Anderson without a rebound.
9:46 of 1st period - Artem Anisimov wins face-off versus Dave Bolland in Canadiens zone.
9:49 of 1st period - Shot by James van Riemsdyk.
9:49 of 1st period - Stopped by Craig Anderson without a rebound.
9:50 of 1st period - Dave Bolland wins face-off versus James van Riemsdyk in Canadiens zone.
10:16 of 1st period - Shot by Mason Raymond.
10:16 of 1st period - Stopped by Sergei Bobrovsky with a rebound.
10:18 of 1st period - Shot by James Wisniewski.
10:18 of 1st period - Shot Blocked by Mark Streit.
10:20 of 1st period - Shot by Brooks Orpik.
10:20 of 1st period - Deflect By Eric Nystrom.
10:20 of 1st period - Stopped by Sergei Bobrovsky without a rebound.
10:21 of 1st period - Vladimir Sobotka wins face-off versus Jonathan Toews in Devils zone.
10:48 of 1st period - Shot by Ales Hemsky.
10:48 of 1st period - Goal by Ales Hemsky - Devils : 1 - Canadiens : 1.
10:49 of 1st period - Artem Anisimov wins face-off versus Brad Richards in neutral zone.
11:54 of 1st period - Shot by Saku Koivu.
11:54 of 1st period - Goal by Saku Koivu - Devils : 2 - Canadiens : 1.
11:55 of 1st period - Vladimir Sobotka wins face-off versus Matt Moulson in neutral zone.
12:00 of 1st period - Shot by Clarke MacArthur.
12:00 of 1st period - Stopped by Craig Anderson with a rebound.
12:09 of 1st period - Icing by James Wisniewski.
12:10 of 1st period - Jonathan Toews wins face-off versus Saku Koivu in Canadiens zone.
12:10 of 1st period - Jonathan Toews is hit by Carl Hagelin.
12:27 of 1st period - Jonathan Huberdeau is hit by James Wisniewski and loses puck.
12:39 of 1st period - Shot by Brenden Dillon.
12:39 of 1st period - Shot Misses the Net.
13:20 of 1st period - Icing by James van Riemsdyk.
13:21 of 1st period - Artem Anisimov wins face-off versus Dave Bolland in Devils zone.
13:43 of 1st period - Mark Fistric is hit by James van Riemsdyk and loses puck.
13:54 of 1st period - Shot by Mark Letestu.
13:54 of 1st period - Stopped by Craig Anderson without a rebound.
13:55 of 1st period - John Mitchell wins face-off versus Jonathan Huberdeau in Canadiens zone.
14:26 of 1st period - Icing by Mike Weaver.
14:27 of 1st period - Brad Richards wins face-off versus Jonathan Huberdeau in Devils zone.
14:32 of 1st period - Shot by Jordan Eberle.
14:32 of 1st period - Shot Misses the Net.
14:34 of 1st period - Shot by Brad Richards.
14:34 of 1st period - Shot Misses the Net.
15:49 of 1st period - Off-side.
15:50 of 1st period - Dave Bolland wins face-off versus Vladimir Sobotka in neutral zone.
15:50 of 1st period - Dave Bolland is hit by Vladimir Sobotka.
15:53 of 1st period - Michal Rozsival is hit by Vladimir Sobotka and loses puck.
15:57 of 1st period - Off-side.
15:58 of 1st period - Dave Bolland wins face-off versus Vladimir Sobotka in neutral zone.
16:08 of 1st period - Off-side.
16:09 of 1st period - Jonathan Toews wins face-off versus James van Riemsdyk in neutral zone.
16:19 of 1st period - Shot by Jonathan Toews.
16:19 of 1st period - Shot Misses the Net.
16:23 of 1st period - Shot by Matt Moulson.
16:23 of 1st period - Stopped by Sergei Bobrovsky without a rebound.
16:24 of 1st period - Saku Koivu wins face-off versus Dave Bolland in Devils zone.
16:31 of 1st period - Shot by Saku Koivu.
16:31 of 1st period - Goal by Saku Koivu - Devils : 3 - Canadiens : 1.
16:32 of 1st period - Saku Koivu wins face-off versus Dave Bolland in neutral zone.
16:32 of 1st period - Saku Koivu is hit by Dave Bolland.
16:38 of 1st period - Icing by Brooks Orpik.
16:39 of 1st period - Dave Bolland wins face-off versus Saku Koivu in Canadiens zone.
16:56 of 1st period - Carl Hagelin is hit by James Wisniewski.
17:18 of 1st period - Saku Koivu is hit by Brooks Orpik and loses puck.
17:22 of 1st period - Saku Koivu is hit by Brooks Orpik and loses puck.
18:53 of 1st period - Shot by Jonathan Toews.
18:53 of 1st period - Stopped by Sergei Bobrovsky without a rebound.
18:54 of 1st period - John Mitchell wins face-off versus Vladimir Sobotka in Devils zone.
18:54 of 1st period - Travis Hamonic is hit by Nikita Nikitin.
18:59 of 1st period - Minor Penalty to Vladimir Sobotka for Slashing.
19:00 of 1st period - Saku Koivu wins face-off versus Jonathan Toews in Devils zone.
19:25 of 1st period - Icing by Michal Rozsival.
19:26 of 1st period - Saku Koivu wins face-off versus Jonathan Toews in Canadiens zone.
19:41 of 1st period - Shot by Jonathan Toews.
19:41 of 1st period - Shot Misses the Net.
19:43 of 1st period - Shot by Jonathan Toews.
19:43 of 1st period - Stopped by Sergei Bobrovsky without a rebound.
19:44 of 1st period - Jordan Eberle wins face-off versus Saku Koivu in Devils zone.
19:59 of 1st period - Tommy Wingels is hit by Jordan Eberle and loses puck.
Goals for this period are 3 for Devils vs 1 for Canadiens.
Shots for this period are 11 for Devils vs 13 for Canadiens.

2nd period


0:01 of 2nd period - Saku Koivu wins face-off versus Jonathan Toews in neutral zone.
1:25 of 2nd period - Taylor Pyatt is hit by Mike Weaver and loses puck.
1:32 of 2nd period - Travis Hamonic is hit by James van Riemsdyk and loses puck.
1:34 of 2nd period - Minor Penalty to James Wisniewski for Delaying the game.
1:35 of 2nd period - Dave Bolland wins face-off versus Mark Letestu in Canadiens zone.
1:54 of 2nd period - Shot by Nikita Nikitin.
1:54 of 2nd period - Stopped by Craig Anderson with a rebound.
1:56 of 2nd period - Shot by Mark Letestu.
1:56 of 2nd period - Stopped by Craig Anderson without a rebound.
1:57 of 2nd period - Dave Bolland wins face-off versus Artem Anisimov in Canadiens zone.
2:09 of 2nd period - Off-side.
2:10 of 2nd period - Dave Bolland wins face-off versus Artem Anisimov in neutral zone.
2:10 of 2nd period - Dave Bolland is hit by Carl Hagelin.
2:20 of 2nd period - Dave Bolland is hit by James van Riemsdyk and loses puck.
4:06 of 2nd period - Mike Weaver is hit by Michal Rozsival and loses puck.
4:20 of 2nd period - Icing by Michal Rozsival.
4:21 of 2nd period - Vladimir Sobotka wins face-off versus Brad Richards in Canadiens zone.
5:17 of 2nd period - Shot by Matt Moulson.
5:17 of 2nd period - Stopped by Sergei Bobrovsky without a rebound.
5:18 of 2nd period - Jonathan Huberdeau wins face-off versus John Mitchell in Devils zone.
5:34 of 2nd period - Brenden Dillon is hit by Taylor Pyatt and loses puck.
5:47 of 2nd period - Shot by Saku Koivu.
5:47 of 2nd period - Shot Misses the Net.
6:09 of 2nd period - Icing by James Wisniewski.
6:10 of 2nd period - Artem Anisimov wins face-off versus John Mitchell in Canadiens zone.
6:58 of 2nd period - Corey Perry is hit by Mike Weaver and loses puck.
7:07 of 2nd period - Shot by Matt Moulson.
7:07 of 2nd period - Stopped by Sergei Bobrovsky with a rebound.
7:49 of 2nd period - Shot by Dave Bolland.
7:49 of 2nd period - Shot Misses the Net.
7:51 of 2nd period - Shot by Eric Nystrom.
7:51 of 2nd period - Shot Blocked by Mike Weaver.
8:14 of 2nd period - Icing by Travis Hamonic.
8:15 of 2nd period - Saku Koivu wins face-off versus Brad Richards in Canadiens zone.
8:38 of 2nd period - Brad Richards is hit by Saku Koivu.
9:06 of 2nd period - Icing by Jonathan Toews.
9:07 of 2nd period - Vladimir Sobotka wins face-off versus Jonathan Toews in Canadiens zone.
9:16 of 2nd period - Shot by Vladimir Sobotka.
9:16 of 2nd period - Stopped by Craig Anderson without a rebound.
9:17 of 2nd period - Dave Bolland wins face-off versus Saku Koivu in Canadiens zone.
9:17 of 2nd period - Dave Bolland is hit by Trevor Lewis.
9:20 of 2nd period - Icing by Brooks Orpik.
9:21 of 2nd period - Dave Bolland wins face-off versus Vladimir Sobotka in Canadiens zone.
9:29 of 2nd period - Shot by Dave Bolland.
9:29 of 2nd period - Shot Misses the Net.
9:53 of 2nd period - Icing by Dave Bolland.
9:54 of 2nd period - Dave Bolland wins face-off versus Saku Koivu in Canadiens zone.
10:11 of 2nd period - Shot by Mason Raymond.
10:11 of 2nd period - Stopped by Sergei Bobrovsky without a rebound.
10:12 of 2nd period - Jonathan Toews wins face-off versus James van Riemsdyk in Devils zone.
10:34 of 2nd period - Minor Penalty to Corey Perry for Tripping.
10:35 of 2nd period - Dave Bolland wins face-off versus Mark Letestu in Canadiens zone.
11:48 of 2nd period - Shot by James van Riemsdyk.
11:48 of 2nd period - Shot Misses the Net.
11:50 of 2nd period - Shot by Nikita Nikitin.
11:50 of 2nd period - Stopped by Craig Anderson without a rebound.
11:51 of 2nd period - Artem Anisimov wins face-off versus Dave Bolland in Canadiens zone.
11:51 of 2nd period - Artem Anisimov is hit by Mark Fistric.
11:57 of 2nd period - Shot by Artem Anisimov.
11:57 of 2nd period - Stopped by Craig Anderson with a rebound.
12:17 of 2nd period - Shot by James van Riemsdyk.
12:17 of 2nd period - Stopped by Craig Anderson with a rebound.
12:19 of 2nd period - Shot by Carl Hagelin.
12:19 of 2nd period - Shot Blocked by Jonathan Toews.
12:59 of 2nd period - Mike Weaver is hit by John Mitchell and loses puck.
13:46 of 2nd period - Shot by Ales Hemsky.
13:46 of 2nd period - Deflect By Vladimir Sobotka.
13:46 of 2nd period - Stopped by Craig Anderson without a rebound.
13:47 of 2nd period - Artem Anisimov wins face-off versus Brad Richards in Canadiens zone.
14:07 of 2nd period - Minor Penalty to Jordan Eberle for Hooking.
14:08 of 2nd period - Mark Letestu wins face-off versus Dave Bolland in Canadiens zone.
14:11 of 2nd period - Shot by Jonathan Huberdeau.
14:11 of 2nd period - Stopped by Craig Anderson without a rebound.
14:12 of 2nd period - Artem Anisimov wins face-off versus Dave Bolland in Canadiens zone.
14:29 of 2nd period - Shot by Carl Hagelin.
14:29 of 2nd period - Shot Blocked by James Wisniewski.
14:31 of 2nd period - Shot by Mark Streit.
14:31 of 2nd period - Stopped by Craig Anderson with a rebound.
15:32 of 2nd period - Shot by Ales Hemsky.
15:32 of 2nd period - Shot Misses the Net.
15:34 of 2nd period - Shot by Mark Letestu.
15:34 of 2nd period - Shot Blocked by Brooks Orpik.
16:11 of 2nd period - Shot by Saku Koivu.
16:11 of 2nd period - Stopped by Craig Anderson without a rebound.
16:12 of 2nd period - Saku Koivu wins face-off versus Jonathan Toews in Canadiens zone.
16:12 of 2nd period - Brenden Dillon is hit by Mark Fistric.
16:15 of 2nd period - Saku Koivu is hit by Mark Fistric and loses puck.
16:24 of 2nd period - Shot by Jonathan Toews.
16:24 of 2nd period - Stopped by Sergei Bobrovsky without a rebound.
16:25 of 2nd period - James van Riemsdyk wins face-off versus Brad Richards in Devils zone.
16:46 of 2nd period - Shot by Trevor Lewis.
16:46 of 2nd period - Stopped by Craig Anderson without a rebound.
16:47 of 2nd period - Matt Moulson wins face-off versus Carl Hagelin in Canadiens zone.
16:47 of 2nd period - Jonathan Toews is hit by Carl Hagelin and loses puck.
17:57 of 2nd period - Shot by Ales Hemsky.
17:57 of 2nd period - Shot Blocked by Michal Rozsival.
17:59 of 2nd period - Shot by Clarke MacArthur.
17:59 of 2nd period - Shot Misses the Net.
18:09 of 2nd period - Shot by Vladimir Sobotka.
18:09 of 2nd period - Shot Misses the Net.
18:33 of 2nd period - Shot by Artem Anisimov.
18:33 of 2nd period - Stopped by Craig Anderson without a rebound.
18:34 of 2nd period - Dave Bolland wins face-off versus Tommy Wingels in Canadiens zone.
19:15 of 2nd period - Shot by Trevor Lewis.
19:15 of 2nd period - Stopped by Craig Anderson without a rebound.
19:16 of 2nd period - Saku Koivu wins face-off versus Brad Richards in Canadiens zone.
19:17 of 2nd period - Shot by Carl Hagelin.
19:17 of 2nd period - Shot Misses the Net.
19:23 of 2nd period - Shot by Jordan Eberle.
19:23 of 2nd period - Shot Misses the Net.
19:25 of 2nd period - Shot by Pavel Datsyuk.
19:25 of 2nd period - Deflect By Jordan Eberle.
19:25 of 2nd period - Shot Misses the Net.
19:27 of 2nd period - Shot by Jordan Eberle.
19:27 of 2nd period - Shot Blocked by Sergei Gonchar.
Goals for this period are 0 for Devils vs 0 for Canadiens.
Shots for this period are 13 for Devils vs 4 for Canadiens.

3rd period


0:01 of 3rd period - Jonathan Toews wins face-off versus Artem Anisimov in neutral zone.
0:12 of 3rd period - Shot by Jonathan Toews.
0:12 of 3rd period - Stopped by Sergei Bobrovsky without a rebound.
0:13 of 3rd period - Saku Koivu wins face-off versus Dave Bolland in Devils zone.
0:13 of 3rd period - Saku Koivu is hit by Dave Bolland.
0:40 of 3rd period - Shot by Eric Nystrom.
0:40 of 3rd period - Stopped by Sergei Bobrovsky without a rebound.
0:41 of 3rd period - Artem Anisimov wins face-off versus Jonathan Toews in Devils zone.
0:59 of 3rd period - Shot by Artem Anisimov.
0:59 of 3rd period - Deflect By Mark Letestu.
0:59 of 3rd period - Shot Misses the Net.
1:12 of 3rd period - Minor Penalty to Nikita Nikitin for Roughing.
1:13 of 3rd period - Brad Richards wins face-off versus Vladimir Sobotka in Devils zone.
1:13 of 3rd period - Pavel Datsyuk is hit by Brenden Dillon and loses puck.
1:51 of 3rd period - Jordan Eberle is hit by Brenden Dillon and loses puck.
2:09 of 3rd period - Icing by Corey Perry.
2:10 of 3rd period - Jonathan Toews wins face-off versus Saku Koivu in Canadiens zone.
2:19 of 3rd period - Shot by Corey Perry.
2:19 of 3rd period - Stopped by Sergei Bobrovsky without a rebound.
2:20 of 3rd period - Jonathan Toews wins face-off versus Saku Koivu in Devils zone.
2:25 of 3rd period - Shot by Matt Moulson.
2:25 of 3rd period - Shot Blocked by Saku Koivu.
2:27 of 3rd period - Shot by Matt Moulson.
2:27 of 3rd period - Deflect By Jonathan Toews.
2:27 of 3rd period - Stopped by Sergei Bobrovsky with a rebound.
2:29 of 3rd period - Shot by James Wisniewski.
2:29 of 3rd period - Stopped by Sergei Bobrovsky without a rebound.
2:30 of 3rd period - Jonathan Toews wins face-off versus Saku Koivu in Devils zone.
2:30 of 3rd period - Corey Perry is hit by Brenden Dillon and loses puck.
3:44 of 3rd period - Icing by Sergei Gonchar.
3:45 of 3rd period - Dave Bolland wins face-off versus Artem Anisimov in Devils zone.
4:02 of 3rd period - Shot by Dave Bolland.
4:02 of 3rd period - Shot Misses the Net.
4:08 of 3rd period - Shot by Dave Bolland.
4:08 of 3rd period - Shot Blocked by Brenden Dillon.
4:10 of 3rd period - Shot by James Wisniewski.
4:10 of 3rd period - Stopped by Sergei Bobrovsky without a rebound.
4:10 of 3rd period - Minor Penalty to Sergei Bobrovsky for Slashing.
4:11 of 3rd period - Vladimir Sobotka wins face-off versus Jonathan Toews in Devils zone.
4:44 of 3rd period - Shot by Matt Moulson.
4:44 of 3rd period - Shot Blocked by Nikita Nikitin.
5:07 of 3rd period - Icing by Jonathan Toews.
5:08 of 3rd period - Jonathan Toews wins face-off versus Saku Koivu in Canadiens zone.
5:31 of 3rd period - Shot by Pavel Datsyuk.
5:31 of 3rd period - Stopped by Sergei Bobrovsky without a rebound.
5:32 of 3rd period - Saku Koivu wins face-off versus Brad Richards in Devils zone.
6:31 of 3rd period - Mike Weaver is hit by Eric Nystrom and loses puck.
6:41 of 3rd period - Off-side.
6:42 of 3rd period - Saku Koivu wins face-off versus Corey Perry in neutral zone.
7:03 of 3rd period - Shot by Saku Koivu.
7:03 of 3rd period - Shot Misses the Net.
7:11 of 3rd period - Shot by Carl Hagelin.
7:11 of 3rd period - Stopped by Craig Anderson without a rebound.
7:12 of 3rd period - Artem Anisimov wins face-off versus Pavel Datsyuk in Canadiens zone.
7:37 of 3rd period - Shot by Artem Anisimov.
7:37 of 3rd period - Shot Misses the Net.
7:39 of 3rd period - Shot by Trevor Daley.
7:39 of 3rd period - Stopped by Craig Anderson without a rebound.
7:40 of 3rd period - Jonathan Toews wins face-off versus Saku Koivu in Canadiens zone.
7:51 of 3rd period - Shot by Jonathan Toews.
7:51 of 3rd period - Deflect By Matt Moulson.
7:51 of 3rd period - Shot Blocked by Mark Streit.
7:53 of 3rd period - Shot by Mark Fistric.
7:53 of 3rd period - Deflect By Jonathan Toews.
7:53 of 3rd period - Stopped by Sergei Bobrovsky without a rebound.
7:54 of 3rd period - Vladimir Sobotka wins face-off versus Dave Bolland in Devils zone.
7:54 of 3rd period - Vladimir Sobotka is hit by Eric Nystrom.
8:20 of 3rd period - Shot by Eric Nystrom.
8:20 of 3rd period - Shot Misses the Net.
8:34 of 3rd period - Shot by Mason Raymond.
8:34 of 3rd period - Shot Misses the Net.
8:36 of 3rd period - Shot by James Wisniewski.
8:36 of 3rd period - Shot Hit the Post.
9:00 of 3rd period - Shot by Matt Moulson.
9:00 of 3rd period - Goal by Matt Moulson - Devils : 3 - Canadiens : 2.
9:01 of 3rd period - Brad Richards wins face-off versus Saku Koivu in neutral zone.
9:32 of 3rd period - Shot by Jonathan Huberdeau.
9:32 of 3rd period - Deflect By Carl Hagelin.
9:32 of 3rd period - Stopped by Craig Anderson with a rebound.
9:43 of 3rd period - Jonathan Huberdeau is hit by Mark Fistric.
10:04 of 3rd period - Off-side.
10:05 of 3rd period - Artem Anisimov wins face-off versus Dave Bolland in neutral zone.
10:26 of 3rd period - Icing by Artem Anisimov.
10:27 of 3rd period - Artem Anisimov wins face-off versus Jonathan Toews in Devils zone.
10:32 of 3rd period - Mark Streit is hit by Corey Perry and loses puck.
10:54 of 3rd period - Jonathan Toews is hit by Mike Weaver and loses puck.
10:59 of 3rd period - Shot by Jonathan Toews.
10:59 of 3rd period - Stopped by Sergei Bobrovsky without a rebound.
11:00 of 3rd period - Vladimir Sobotka wins face-off versus Brad Richards in Devils zone.
11:12 of 3rd period - Icing by Travis Hamonic.
11:13 of 3rd period - Brad Richards wins face-off versus Carl Hagelin in Canadiens zone.
11:26 of 3rd period - Shot by Brad Richards.
11:26 of 3rd period - Shot Blocked by Trevor Daley.
11:28 of 3rd period - Shot by Brad Richards.
11:28 of 3rd period - Shot Misses the Net.
12:15 of 3rd period - Corey Perry is hit by Brenden Dillon and loses puck.
12:24 of 3rd period - Shot by Mark Letestu.
12:24 of 3rd period - Shot Misses the Net.
12:28 of 3rd period - Shot by James van Riemsdyk.
12:28 of 3rd period - Shot Misses the Net.
12:42 of 3rd period - Shot by James van Riemsdyk.
12:42 of 3rd period - Stopped by Craig Anderson without a rebound.
12:43 of 3rd period - Dave Bolland wins face-off versus Vladimir Sobotka in Canadiens zone.
12:52 of 3rd period - Minor Penalty to Vladimir Sobotka for Tripping.
12:53 of 3rd period - Brad Richards wins face-off versus Saku Koivu in Devils zone.
13:04 of 3rd period - Shot by Jordan Eberle.
13:04 of 3rd period - Shot Misses the Net.
14:16 of 3rd period - Shot by Jonathan Toews.
14:16 of 3rd period - Shot Blocked by Clarke MacArthur.
14:18 of 3rd period - Shot by James Wisniewski.
14:18 of 3rd period - Stopped by Sergei Bobrovsky with a rebound.
14:36 of 3rd period - Shot by Pavel Datsyuk.
14:36 of 3rd period - Stopped by Sergei Bobrovsky without a rebound.
14:37 of 3rd period - Brad Richards wins face-off versus Saku Koivu in Devils zone.
15:07 of 3rd period - Icing by Mike Weaver.
15:08 of 3rd period - Taylor Pyatt wins face-off versus Artem Anisimov in Devils zone.
15:19 of 3rd period - Shot by Sven Baertschi.
15:19 of 3rd period - Deflect By Taylor Pyatt.
15:19 of 3rd period - Shot Misses the Net.
15:36 of 3rd period - Off-side.
15:37 of 3rd period - Jonathan Toews wins face-off versus Vladimir Sobotka in neutral zone.
15:46 of 3rd period - Minor Penalty to Mark Fistric for High sticking.
15:47 of 3rd period - Dave Bolland wins face-off versus Mark Letestu in Canadiens zone.
16:02 of 3rd period - Shot by Trevor Daley.
16:02 of 3rd period - Stopped by Craig Anderson without a rebound.
16:03 of 3rd period - Dave Bolland wins face-off versus Artem Anisimov in Canadiens zone.
17:12 of 3rd period - Shot by Trevor Daley.
17:12 of 3rd period - Stopped by Craig Anderson without a rebound.
17:13 of 3rd period - Dave Bolland wins face-off versus Mark Letestu in Canadiens zone.
17:33 of 3rd period - Icing by Jonathan Huberdeau.
17:34 of 3rd period - Dave Bolland wins face-off versus Mark Letestu in Devils zone.
17:37 of 3rd period - Shot by James Wisniewski.
17:37 of 3rd period - Stopped by Sergei Bobrovsky without a rebound.
17:38 of 3rd period - Dave Bolland wins face-off versus Artem Anisimov in Devils zone.
18:45 of 3rd period - Shot by Pavel Datsyuk.
18:45 of 3rd period - Deflect By Jordan Eberle.
18:45 of 3rd period - Stopped by Sergei Bobrovsky without a rebound.
18:46 of 3rd period - Vladimir Sobotka wins face-off versus Brad Richards in Devils zone.
19:02 of 3rd period - Icing by Brooks Orpik.
19:03 of 3rd period - Saku Koivu wins face-off versus Brad Richards in Canadiens zone.
19:15 of 3rd period - Icing by Brad Richards.
19:16 of 3rd period - Pavel Datsyuk wins face-off versus Tommy Wingels in Canadiens zone.
19:30 of 3rd period - Icing by James Wisniewski.
19:31 of 3rd period - Brad Richards wins face-off versus Saku Koivu in Canadiens zone.
19:36 of 3rd period - Canadiens, Craig Anderson is pulled from the net.
Goals for this period are 0 for Devils vs 1 for Canadiens.
Shots for this period are 6 for Devils vs 14 for Canadiens.


Output by the SimonT Hockey Simulator (STHS) for Stephane Roy -- Original Page W3C XHTML 1.0 Valid
Hockey Simulator - Hockey Simulation - Hockey Manager